[Event "*** Titled Tuesday 3|2 Blitz"]
[Site "Chess.com"]
[Date "2016.01.05"]
[Round "6"]
[White "Smirnov_Pavel"]
[Black "Hikaru"]
[Result "1/2-1/2"]
[WhiteElo "2345"]
[BlackElo "2884"]
[TimeControl "180+2"]
[EndTime "18:14:21 PST"]
[Termination "Game drawn by repetition"]

1. d4 Nf6 2. c4 e6 3. g3 c5 4.
Nf3 cxd4 5. Nxd4 Qc7 6. Nc3 a6 7. Bg2 Nc6 8. O-O Bc5 9. Nb3 Be7 10. Bf4 Qd8 11. Qd2 O-O 12. Rfd1 b6 13. Bd6 Bb7 14.
Bxe7 Qxe7 15. Na4 b5 16. cxb5 axb5 17. Nac5 Bc8 18. Qd6 Ra7 19. a3 Qxd6 20. Rxd6 Ne8 21. Rdd1 d5 22. e4 dxe4 23. Bxe4 Ne5 24. Nd4 Nc4 25.
Nxb5 Ra5 26. a4 Nxb2 27. Rd8 Nf6 28. Rxf8+ Kxf8 29. Bc6 Ke7 30. f4 Nd5 31. Bxd5 exd5 32. Re1+ Kf6 33. Re5 Nxa4 34. Nxa4 Rxb5 35. Nc3 Rb8 36.
Nxd5+ Kg6 37. Ne7+ Kf6 38. Nd5+ Kg6 39. Ne7+ Kf6 40. Nd5+ 1/2-1/2

[Event "*** Titled Tuesday 3|2 Blitz"]
[Site "Chess.com"]
[Date "2016.01.05"]
[Round "6"]
[White "jlandaw"]
[Black "Iball95"]
[Result "0-1"]
[WhiteElo "2340"]
[BlackElo "2409"]
[TimeControl "180+2"]
[EndTime "18:14:35 PST"]
[Termination "Iball95 won by resignation"]

1. e4 e5 2. Nf3 Nc6 3. Bb5 Nf6 4.
d3 Bc5 5. O-O Nd4 6. Nxd4 Bxd4 7.
Nd2 c6 8. Ba4 d6 9. c3 Bb6 10.
Bb3 Qe7 11. Nc4 Bc7 12. Bg5 h6 13. Bh4 g5 14. Bg3 Be6 15. Qe2 O-O-O 16. d4 Bxc4 17. Qxc4 Nxe4 18. Qxf7 Qxf7 19. Bxf7 exd4 20. cxd4 Bb6 21.
d5 Rdf8 22. Be6+ Kc7 23. dxc6 bxc6 24. Rac1 Kb7 25. Rc2 h5 26. Re1 d5 27. Ree2 Rh6 28. Rxe4 dxe4 29. Bc4 Rhf6 30. Kf1 h4 31. Be5 Rxf2+ 32.
Rxf2 Rxf2+ 33. Ke1 0-1

[Event "*** Titled Tuesday 3|2 Blitz"]
[Site "Chess.com"]
[Date "2016.01.05"]
[Round "6"]
[White "DanielNaroditsky"]
[Black "chessdude"]
[Result "1-0"]
[WhiteElo "2555"]
[BlackElo "2355"]
[TimeControl "180+2"]
[EndTime "18:14:59 PST"]
[Termination "DanielNaroditsky won on time"]

1. d4 Nf6 2. c4 e6 3. Nc3 Bb4 4. f3 d5 5. a3 Bxc3+ 6. bxc3 c5 7. cxd5 exd5 8. e3 O-O 9. Bd3 Nc6 10. Ne2 Re8 11. O-O c4 12. Bc2 b5 13. Ng3 a5 14.
e4 Rb8 15. e5 Nd7 16. f4 Nf8 17. f5 b4 18. axb4 axb4 19. Nh5 b3 20. Qg4 Ng6 21. e6 Bxe6 22. fxe6 f5 23. Bxf5 Qh4 24. Qf3 Rf8 25. g3 Qd8 26. Ra6 Nce7 27. Bg5 b2 28. Bxe7 Nxe7 29. Qg4 Nxf5 30. Ra7 g6 31. e7 Nxe7 32.
Qe6+ 1-0

[Event "*** Titled Tuesday 3|2 Blitz"]
[Site "Chess.com"]
[Date "2016.01.05"]
[Round "6"]
[White "AlexanderL"]
[Black "tac49"]
[Result "1-0"]
[WhiteElo "2602"]
[BlackElo "2426"]
[TimeControl "180+2"]
[EndTime "18:15:24 PST"]
[Termination "AlexanderL won on time"]

1. d4 Nf6 2. c4 g6 3. Nc3 Bg7 4.
e4 d6 5. Nf3 O-O 6. Be2 e5 7.
O-O Nbd7 8. d5 a5 9. Bg5 h6 10. Be3 Nc5 11. Nd2 Bd7 12. b3 c6 13. a3 cxd5 14.
cxd5 Rc8 15. Rc1 b5 16. b4 axb4 17. axb4 Na4 18. Qb3 Nxc3 19. Rxc3 Rxc3 20. Qxc3 Qb8 21. h3 Rc8 22. Qa3 Qc7 23. Ra1 Ne8 24. Nb3 f5 25.
Rc1 Qd8 26. Rxc8 Qxc8 27. Qa7 fxe4 28. Na5 Nf6 29. Nb7 Nxd5 30. Nxd6 Qc6 31. Bxb5 Qxd6 32.
Bc5 Qc7 33. Qxc7 Nxc7 34. Bxd7 Bf8 35. Bb6 Bd6 36. b5 Kf7 37. Be3 Nd5 38. Bxh6 Bc5 39.
Bc6 Ke6 40. Bxd5+ Kxd5 41. Be3 Bd4 42. g4 Kc5 43. h4 Kxb5 44. h5 gxh5 45. gxh5 1-0

[Event "*** Titled Tuesday 3|2 Blitz"]
[Site "Chess.com"]
[Date "2016.01.05"]
[Round "6"]
[White "AdrianaNikolova"]
[Black "MasterLeif"]
[Result "0-1"]
[WhiteElo "2131"]
[BlackElo "2351"]
[TimeControl "180+2"]
[EndTime "18:15:25 PST"]
[Termination "MasterLeif won by resignation"]

1. e4 e5 2. Nf3 Nc6 3. Bb5 Nd4 4. Nxd4 exd4 5. Bc4 Nf6 6. e5 d5 7. Bb3 Ne4 8. d3 Bb4+ 9. Bd2 Nxd2 10. Nxd2 Qg5 11.
Bxd5 Qxe5+ 12. Qe2 Qxe2+ 13. Kxe2 O-O 14. Nf3 c6 15.
Bb3 Bg4 16. h3 Rfe8+ 17. Kf1 Bxf3 18. gxf3 Re7 19. Rg1 Rae8 20. Rg4 c5 21. a3 Ba5 22.
Ba4 Re1+ 23. Rxe1 Rxe1+ 24. Kg2 f5 25. Bb3+ Kf8 26. Rh4 h6 27. Rh5 g6 28. Rxh6 Kg7 29. Rh4 Bd8 30. Rf4 Bc7 31. Rh4 Bd8 32. Rf4 Bg5 33. Kg3 Rb1 34. h4 Bxf4+ 35. Kxf4 Kf6 36. h5 gxh5 37. Ba4 Rxb2 38. Bd7 Rxc2 39. Bxf5 Rxf2 40. Be4 b5 41. Bc6 b4 42. axb4 cxb4 43. Bd5 a5 44. Ke4 a4 45. Kxd4 a3 46. Ke3 Rb2 47. d4 a2 48. Bxa2 Rxa2 49. d5 Ke5 50. d6 Kxd6 51. Kf4 Ra3 52. Kg5 Rxf3 53. Kxh5 Rg3 54. Kh4 Rg1 0-1

[Event "*** Titled Tuesday 3|2 Blitz"]
[Site "Chess.com"]
[Date "2016.01.05"]
[Round "6"]
[White "LyonBeast"]
[Black "GrigorGrigorov"]
[Result "1-0"]
[WhiteElo "2760"]
[BlackElo "2512"]
[TimeControl "180+2"]
[EndTime "18:15:28 PST"]
[Termination "LyonBeast won by resignation"]

1. g3 Nf6 2. Bg2 d5 3. Nf3 c6 4. O-O Bg4 5. h3 Bxf3 6. Bxf3 Nbd7 7. d3 e5 8. Nc3 Be7 9. e4 dxe4 10. Nxe4 Nxe4 11.
Bxe4 Qc7 12. Re1 O-O 13. Bd2 Bc5 14. b4 Bb6 15. Bc3 f5 16. Bg2 e4 17. dxe4 Qxg3 18.
Bd4 Qc7 19. exf5 Qf4 20. Bxb6 Nxb6 21. Be4 Rad8 22. Qg4 Qh6 23. Bd3 Nd5 24. Re6 Nf6 25. Qg3 Rd4 26. Rae1 Rxb4 27. c4 Rb2 28. Re7 Nh5 29. Qg4 Nf6 30. Qf3 Rxa2 31. Rxb7 Qd2 32. Ree7 Ra1+ 33. Kh2 Nh5 34. f6 Qg5 35. Bb1 Qxf6 36.
Qxf6 Rxf6 37. Re8+ Rf8 38. Bxh7+ Kxh7 39. Rxf8 Ra4 40.
Rf5 Kh6 41. Rc5 Ra2 42. Rxc6+ Kg5 43. Rb5+ Kh4 44. Rf5 1-0

[Event "*** Titled Tuesday 3|2 Blitz"]
[Site "Chess.com"]
[Date "2016.01.05"]
[Round "6"]
[White "Gabrielian_Artur"]
[Black "Malev212"]
[Result "0-1"]
[WhiteElo "2457"]
[BlackElo "2307"]
[TimeControl "180+2"]
[EndTime "18:15:38 PST"]
[Termination "Malev212 won by resignation"]

1. e4 c5 2. Nf3 a6 3. c3 e6 4. d4 d5 5. exd5 exd5 6. Be2 cxd4 7. Nxd4 Bd6 8. Nd2 Nf6 9. N2f3 h6 10. O-O O-O 11.
Qb3 Nc6 12. h3 Re8 13. Be3 Na5 14. Qc2 Qc7 15. Rad1 Nc4 16. Bc1 Bd7 17. Rfe1 b5 18.
Bf1 Bc5 19. Rxe8+ Rxe8 20. Re1 Ne4 21. Bd3 f5 22. b3 Ne5 23. Nxe5 Qxe5 24. Bf1 b4 25.
Be3 f4 26. Bc1 bxc3 27. Nf3 Qf6 28. Re2 Rd8 29. a4 Bf5 30. Qd1 d4 31. Qd3 Kh8 32. Rxe4 Bxe4 33. Qxe4 Qe7 34. Qg6 Qd6 35. Qf5 d3 36.
Ne5 Bxf2+ 37. Kh1 Qxe5 38. Qxe5 d2 39. Bxd2 cxd2 40. Be2 d1=Q+ 41. Bxd1 Rxd1+ 0-1

[Event "*** Titled Tuesday 3|2 Blitz"]
[Site "Chess.com"]
[Date "2016.01.05"]
[Round "6"]
[White "TheMagician"]
[Black "saraswathii"]
[Result "0-1"]
[WhiteElo "2153"]
[BlackElo "1929"]
[TimeControl "180+2"]
[EndTime "18:15:53 PST"]
[Termination "saraswathii won by checkmate"]

1. d4 Nc6 2. c4 e5 3. d5 Nce7 4. d6 cxd6 5. Qxd6 Ng6 6. Qd1 Nf6 7. Nc3 Bc5 8. e3 O-O 9. a3 a5 10. Nge2 d6 11. Ng3 Bb6 12. Bd3 Be6 13. O-O Rc8 14. Qe2 Nd7 15. Bf5 Bxc4 16. Bd3 Be6 17. Nf5 Nc5 18. Rd1 e4 19. Bxe4 Nxe4 20. Nxe4 Bxf5 21.
Nxd6 Rc2 22. Qf1 Bg4 23. f3 Rxc1 24. Raxc1 Bxe3+ 25. Kh1 Bxc1 26. fxg4 Bf4 27. Nf5 Qg5 28. h3 h5 29. Rd5 hxg4 30. Ne3 Qh4 31. Nf5 Qf6 32. g3 Bg5 33. hxg4 Re8 34. Qf3 Qxb2 35. Rd1 Qe2 36. Qxe2 Rxe2 37. Rd8+ Bxd8 38. Kg1 Bb6+ 39.
Kf1 Ra2 40. Ne7+ Nxe7 41. Ke1 Be3 42. Kd1 Nd5 43. g5 b5 44. Ke1 b4 45. Kf1 b3 46.
g6 Rf2+ 47. Ke1 b2 48. gxf7+ Kxf7 49. g4 b1=Q# 0-1

[Event "*** Titled Tuesday 3|2 Blitz"]
[Site "Chess.com"]
[Date "2016.01.05"]
[Round "6"]
[White "chesstatour"]
[Black "UltimateCrusher2"]
[Result "0-1"]
[WhiteElo "1923"]
[BlackElo "2045"]
[TimeControl "180+2"]
[EndTime "18:15:58 PST"]
[Termination "UltimateCrusher2 won by resignation"]

1. c4 b6 2. e4 c5 3. Nf3 Bb7 4. Nc3 e6 5. d4 cxd4 6. Nxd4 Bb4 7. Bd3 Nf6 8. Qe2 Bxc3+ 9. bxc3 d6 10. O-O O-O 11.
a4 Nbd7 12. f4 e5 13. Nf5 Nc5 14. Bc2 Bxe4 15. fxe5 dxe5 16. Ba3 Bxc2 17. Qxc2 Qc7 18. Nh6+ Kh8 19. Rxf6 gxf6 20. Rf1 Qe7 21. Nf5 Qe6 22. Bxc5 bxc5 23. Qe4 Rg8 24. Rf3 Rad8 25. Rh3 Rg6 26. Nh4 Rh6 27. Nf5 Rxh3 28. gxh3 Rg8+ 29. Kf2 Qd7 30. Nh6 Qd2+ 31. Kf3 Qd1+ 32. Kf2 Qg1+ 33. Ke2 Qf1+ 34. Ke3 Qe1+ 35. Kf3 Qxe4+ 36. Kxe4 Rg7 37. Ng4 Rg6 38. Kf5 h5 39. Nf2 Kg7 40. Ne4 Rg2 41. Nxc5 Rxh2 42. Nd7 Rc2 43. c5 Rxc3 44. Ke4 Kg6 45. a5 Rc1 46. a6 Ra1 47. Nb8 Re1+ 48. Kd5 e4 49. c6 Rc1 50. Nd7 e3 51. Nc5 Rxc5+ 0-1

[Event "*** Titled Tuesday 3|2 Blitz"]
[Site "Chess.com"]
[Date "2016.01.05"]
[Round "6"]
[White "Quiet_Desperation"]
[Black "ChessChronicles123"]
[Result "1-0"]
[WhiteElo "2111"]
[BlackElo "1688"]
[TimeControl "180+2"]
[EndTime "18:16:04 PST"]
[Termination "Quiet_Desperation won by resignation"]

1. e4 c5 2. Nf3 d6 3. d4 cxd4 4. Nxd4 Nf6 5. Nc3 g6 6. Be3 Bg7 7. f3 Nbd7 8. Qd2 h6 9. O-O-O a6 10. Kb1 Qc7 11. g4 b5 12. Bd3 Bb7 13. h4 Ne5 14. g5 hxg5 15. hxg5 Nh5 16. Nd5 Bxd5 17.
exd5 Nxd3 18. Qxd3 Qc4 19. Qxc4 bxc4 20. Nc6 Kd7 21.
Rhe1 Ng3 22. Bd4 Bxd4 23. Rxe7+ Kc8 24. Nxd4 Nf5 25. Nxf5 gxf5 26. Rxf7 Rb8 27. g6 Rb7 28. g7 Rd8 29. Rxb7 Kxb7 30. Rg1 Rg8 31. Kc1 Kb6 32. Kd2 Kc5 33. Ke3 Kxd5 34. Kf4 Ke6 35. c3 a5 36. a4 Kf6 37. Ke3 Ke5 38. f4+ Kd5 39. Rg6 Kc5 40. Kf3 d5 41. Ke3 d4+ 42. cxd4+ Kd5 43. Rg5 Ke6 44. Kd2 Kd5 45. Kc3 Ke4 46. Kxc4 Kxf4 47. Rg1 Ke4 48. d5 f4 49. d6 f3 50. Kc5 f2 51. Rf1 Ke3 52. d7 Ke2 53. Rc1 f1=Q 54. Rxf1 Kxf1 55. Kb5 Ke2 56. Kxa5 Kd3 57.
Kb6 Kc4 58. Kc7 Rxg7 59. Kc8 Rg2 60. d8=Q Rxb2 61. a5 Kc5 62. Qg5+ Kc6 63. Qf6+ 1-0

[Event "*** Titled Tuesday 3|2 Blitz"]
[Site "Chess.com"]
[Date "2016.01.05"]
[Round "6"]
[White "Penguininja"]
[Black "Satoshi95"]
[Result "1-0"]
[WhiteElo "2138"]
[BlackElo "2086"]
[TimeControl "180+2"]
[EndTime "18:16:31 PST"]
[Termination "Penguininja won on time"]

1. Nf3 Nf6 2. d4 e6 3. c4 b6 4.
e3 Bb7 5. Bd3 d5 6. O-O Bd6 7.
b3 O-O 8. Bb2 Nbd7 9. Nc3 a6 10.
Qe2 Ne4 11. Nd2 f5 12. cxd5 exd5 13. f3 Nxd2 14. Qxd2 Qh4 15. g3 Qh6 16. Rae1 Rae8 17. Qf2 c5 18. Re2 b5 19. Bc1 Qf6 20. Bb1 Re7 21. Nd1 Rfe8 22. dxc5 Nxc5 23. Bb2 Qf7 24. Rd2 Be5 25. Bd4 Nd7 26. Nb2 Bxd4 27. exd4 Nf6 28.
Nd3 Ba8 29. Ne5 g6 30. Rc1 Qe6 31. Qe3 Nd7 32. f4 Nf6 33. Rdc2 Ne4 34. a3 Qd6 35.
b4 Qb6 36. Rc8 Nf6 37. Ba2 Kg7 38. R8c5 Ng4 39. Qd3 Qf6 40. Bxd5 Nxe5 41. dxe5 Qf8 42. Bxa8 Rxa8 43. Rc7 Rd8 44. Qc3 Red7 45. Qc5 Qe8 46. Rxd7+ Rxd7 47. Qc3 Kh6 48. Rc2 Qd8 49. Kf2 Rd3 50.
Qc5 Rxa3 51. Re2 1-0

[Event "*** Titled Tuesday 3|2 Blitz"]
[Site "Chess.com"]
[Date "2016.01.05"]
[Round "6"]
[White "Alliswell998"]
[Black "Carolina-moon"]
[Result "1/2-1/2"]
[WhiteElo "2063"]
[BlackElo "2010"]
[TimeControl "180+2"]
[EndTime "18:16:48 PST"]
[Termination "Game drawn by repetition"]

1. e4 c5 2. Nc3 Nc6 3. f4 g6 4. Nf3 Bg7 5. Bb5 Nd4 6. O-O Nxb5 7. Nxb5 d6 8. d3 Nf6 9. Qe1 Bg4 10. e5 dxe5 11.
fxe5 Nd5 12. Qe4 Bxf3 13. Rxf3 O-O 14. Bg5 Qd7 15. Nd6 Qe6 16. Nxb7 Bxe5 17. Nxc5 Qd6 18. Kh1 Bxb2 19. Rb1 Qxc5 20. Rxb2 Nf6 21. Bxf6 exf6 22. Rxf6 Rae8 23. Qh4 Qc3 24. Rb1 Qxc2 25. Rbf1 Qxd3 26. Qf4 Re4 27. Qf2 Qe2 28. Qxa7 Re7 29. Qd4 Qxa2 30. h4 Qe2 31. Qf4 Qh5 32. Kh2 Rfe8 33. Rxf7 Qe5 34.
Qxe5 Rxe5 35. Ra7 Re4 36. Rff7 Rxh4+ 37. Kg3 Rh5 38. Rg7+ Kh8 39. Kf3 Rf8+ 40. Ke3 Re5+ 41. Kd4 Rh5 42. Rgc7 Rh4+ 43. Ke3 Rh5 44. g3 Re5+ 45.
Kd4 Rh5 46. Ke4 Re8+ 47. Kf4 Rf8+ 48. Kg4 Re8 49. Kf3 Rf8+ 50. Kg2 Rd8 51. g4 Rh6 52. Kg3 Rd3+ 53. Kf4 Rd8 54. Kg5 Rh1 55. Kf6 Kg8 56.
Rg7+ Kh8 57. Rge7 Rf8+ 58. Kg5 Rh2 59. Rec7 Kg8 60. Rg7+ Kh8 61. Rge7 Kg8 62. Rg7+ Kh8 63. Rge7 Kg8 64. Rg7+ 1/2-1/2

[Event "*** Titled Tuesday 3|2 Blitz"]
[Site "Chess.com"]
[Date "2016.01.05"]
[Round "6"]
[White "nfds"]
[Black "cool64chess"]
[Result "1/2-1/2"]
[WhiteElo "2328"]
[BlackElo "2227"]
[TimeControl "180+2"]
[EndTime "18:17:11 PST"]
[Termination "Game drawn by stalemate"]

1. d3 d5 2. Nf3 Nf6 3. g3 g6 4. Bg2 Bg7 5. O-O O-O 6. c4 c6 7.
cxd5 cxd5 8. Nc3 Nc6 9. e3 b6 10. b3 Bb7 11. Bb2 Rc8 12. Rc1 Ba8 13. Qe2 e6 14.
Nb5 a6 15. Nc3 Qe7 16. a3 Rfd8 17. Na4 Qa7 18. Nd4 Nd7 19. Nxc6 Bxc6 20. Bxg7 Bxa4 21. Bh6 Bc6 22. Bh3 Qb8 23. f4 Qd6 24. Qb2 f6 25.
Rfe1 Kf7 26. b4 a5 27. e4 dxe4 28. dxe4 Nb8 29. Kh1 Qd4 30. Qe2 Bxe4+ 31. Bg2 Bxg2+ 32. Qxg2 Rxc1 33. Rxc1 Qd1+ 34. Qg1 Qxg1+ 35. Kxg1 axb4 36. axb4 Na6 37. Rc6 Nxb4 38. Rc7+ Kg8 39. Rg7+ Kh8 40. Re7 Nd5 41. Rxe6 Kg8 42. g4 Kf7 43. f5 gxf5 44. gxf5 Ne7 45. Rxb6 Nxf5 46. Bf4 Rd4 47. Bb8 Rg4+ 48.
Kf2 Nh4 49. Rb5 Rg2+ 50. Kf1 Rg5 51. Rb4 Nf5 52. Kf2 h5 53. Rb6 Nh6 54. Bf4 Ng4+ 55. Kg3 Rg8 56. Kh4 Kg6 57. Rb5 Nh6 58. Rxh5 Rh8 59.
Bxh6 Rxh6 60. Rxh6+ Kxh6 61. Kg4 Kg6 62. Kf4 Kh5 63.
Kf5 Kh4 64. Kg6 Kh3 65. Kf5 Kxh2 66. Kg4 Kg2 67. Kf4 Kh3 68. Kf3 Kh4 69. Kf4 Kh5 70.
Kf5 Kh6 71. Kf4 Kg6 72. Kg4 f5+ 73. Kf4 Kf6 74. Kf3 Kg5 75. Kg3 f4+ 76. Kf3 Kf5 77. Kf2 Kg4 78. Kg2 f3+ 79. Kf2 Kf4 80. Kf1 Kg3 81. Kg1 f2+ 82. Kf1 Kf3 1/2-1/2

[Event "*** Titled Tuesday 3|2 Blitz"]
[Site "Chess.com"]
[Date "2016.01.05"]
[Round "6"]
[White "JusticeBot"]
[Black "Fibrinogen"]
[Result "0-1"]
[WhiteElo "2462"]
[BlackElo "2218"]
[TimeControl "180+2"]
[EndTime "18:17:56 PST"]
[Termination "Fibrinogen won by checkmate"]

1. e4 e5 2. Nf3 Nc6 3. Bc4 Bc5 4. b4 Bxb4 5. c3 Be7 6. d4 Na5 7. Be2 d6 8. Qa4+ c6 9. dxe5 dxe5 10. Nxe5 Nf6 11. O-O b5 12. Qc2 O-O 13. Bf4 Qb6 14. Nd2 Be6 15. a4 a6 16. Kh1 Rfd8 17. Bg3 Nd7 18. axb5 Nxe5 19. Bxe5 axb5 20. f4 f6 21. Bd4 c5 22. Bg1 Qc6 23. Bf3 Qc7 24. e5 Rac8 25.
f5 Bxf5 26. Qxf5 Rxd2 27. Rxa5 fxe5 28. Bd5+ Rxd5 29. Qe6+ Kh8 30. Qxd5 Qxa5 31. Qxe5 Qc7 32. Qe6 Rf8 33. Rxf8+ Bxf8 34. Qe8 Qe7 35. Qxb5 h6 36.
Qc6 Qd6 37. Qe4 Qe7 38. Qf5 Kg8 39. c4 Qf7 40. Qe4 Qe7 41. Qc6 Qd6 42. Qc8 Kf7 43.
h4 Be7 44. h5 Qe5 45. Qg4 Qe6 46. Qf3+ Qf6 47. Qd5+ Qe6 48. Qd3 Qd6 49. Qc2 Qf6 50. g3 Qg5 51. Qf2+ Qf6 52. Qe2 Qe6 53. Qf3+ Qf6 54.
Qe2 Qe6 55. Qd3 Qh3+ 56. Bh2 Qxh5 57. Kg2 Qe5 58. Bg1 Qe6 59. Qf3+ Kg8 60. Qa8+ Kh7 61. Qa2 Qe4+ 62. Kh2 Bd6 63. Qb3 h5 64. Bf2 h4 65.
Kh3 Qf5+ 66. Kg2 h3+ 67. Kf1 h2 68. Qb7 Bxg3 69. Qg2 Qxf2+ 70. Qxf2 Bxf2 71. Kg2 Bg3 72. Kh1 Bd6 73. Kg2 Kg6 74. Kh1 Kf6 75. Kg2 Kf5 76. Kh1 Ke4 77. Kg2 Kd4 78. Kh1 Kxc4 79. Kg2 Kd3 80. Kh1 c4 81. Kg2 c3 82. Kh1 c2 83. Kg2 h1=Q+ 84. Kxh1 c1=Q+ 85. Kg2 Qd2+ 86. Kh3 Qe3+ 87. Kg4 g6 88. Kh4 Qg3# 0-1

[Event "*** Titled Tuesday 3|2 Blitz"]
[Site "Chess.com"]
[Date "2016.01.05"]
[Round "6"]
[White "chess4life23"]
[Black "spirals5"]
[Result "1-0"]
[WhiteElo "2183"]
[BlackElo "2212"]
[TimeControl "180+2"]
[EndTime "18:18:00 PST"]
[Termination "chess4life23 won on time"]

1. e4 c5 2. Nf3 d6 3. d4 cxd4 4. Nxd4 Nf6 5. Nc3 a6 6. f3 e5 7. Nb3 Be6 8. Be3 Nbd7 9. Qd2 h5 10. O-O-O b5 11. Nd5 Nxd5 12. exd5 Bf5 13. Na5 Qc7 14. Nc6 Be7 15. f4 Bf6 16. Bd3 Bxd3 17. Qxd3 O-O 18. g4 hxg4 19. Rhg1 e4 20. Qxe4 Rfe8 21. Qd3 Nc5 22.
Bxc5 dxc5 23. Rxg4 Qd7 24. Rdg1 c4 25. Qg3 g6 26.
Ne5 Qf5 27. Nxg6 fxg6 28. Rxg6+ Kf8 29. d6 Kf7 30. Rg7+ Bxg7 31. Qxg7+ Ke6 32. d7 Qxf4+ 33.
Kb1 Rf8 34. Re1+ Kd5 35. Qe7 Rad8 36. Qe6+ Kc5 37. Re5+ Qxe5 38. Qxe5+ Kc6 39. Qe6+ Kc7 40. a4 Rxd7 41. Qxa6 Rd1+ 42. Ka2 Rff1 43. Qa5+ Kc8 44. Qa8+ Kc7 45. Qa7+ Kc8 46. Qa8+ Kd7 47. Qb7+ Kd8 48. Qb8+ Ke7 49. Qb7+ Kf8 50. Ka3 Ra1+ 51. Kb4 bxa4 52.
Kxc4 Rfc1 53. Kc3 Rf1 54. h4 Rae1 55. Qb4+ Kg7 56. Qd4+ Kh7 57. Qd3+ Kh6 58. Qd2+ Kh7 59. Qd3+ Kh8 60. Qd4+ Kh7 61. Qd7+ Kh8 62. Qd8+ Kh7 63. Kb4 Re4+ 64. c4 Rff4 65. Qd7+ Kg8 66. Qc8+ Kf7 67. h5 Rh4 68. h6 Kg6 69. h7 1-0

[Event "*** Titled Tuesday 3|2 Blitz"]
[Site "Chess.com"]
[Date "2016.01.05"]
[Round "6"]
[White "wonderfultime"]
[Black "jcibarra"]
[Result "0-1"]
[WhiteElo "2604"]
[BlackElo "2527"]
[TimeControl "180+2"]
[EndTime "18:19:14 PST"]
[Termination "jcibarra won by resignation"]

1. d4 Nf6 2. c4 d6 3. Nc3 e5 4.
Nf3 e4 5. Ng5 Qe7 6. Qc2 Bf5 7. f3 Nc6 8. fxe4 Bg6 9. Nd5 Nxd4 10.
Qa4+ Qd7 11. Nxc7+ Kd8 12. Qd1 Qxc7 13. Qxd4 h6 14.
e5 Qa5+ 15. Bd2 Qxe5 16. Qxe5 dxe5 17. Nf3 Bd6 18. Bc3 Re8 19. Rd1 Kc7 20. c5 Bxc5 21. Bxe5+ Kb6 22. g3 Bb4+ 23. Bc3 Bxc3+ 24. bxc3 Ne4 25. Rb1+ Kc7 26. Rb3 Rad8 27. Bg2 Nc5 28. Ra3 Nd3+ 29. Kf1 Nc5 30. Nd4 a6 31. Kf2 Rd6 32.
Rf1 Rf6+ 33. Kg1 Rxf1+ 34. Kxf1 f6 35. c4 Be4 36. Bh3 g6 37. Kf2 f5 38. Re3 h5 39.
Nb3 Kd6 40. Bg2 Re5 41. Nxc5 Kxc5 42. Bxe4 fxe4 43. Rc3 Kd4 44. Rc1 Rf5+ 45. Ke1 Rf7 46.
c5 Rc7 47. Rb1 Kxc5 48. Kd2 Kd4 49. Rb4+ Ke5 50. Ke3 Rc3+ 51. Kd2 Rc7 52. Ke3 Rc3+ 53. Kd2 Ra3 54. Rxb7 Rxa2+ 55. Ke3 Ra3+ 56. Kf2 Kf5 57.
Rf7+ Ke6 58. Rg7 Kf6 59. Rb7 a5 60. Rb6+ Kf5 61. Rb5+ Kg4 62. Re5 Ra2 63. Rxe4+ Kf5 64. Re8 Rb2 65. Ra8 Rb5 66. Kf3 g5 67. h3 g4+ 68. hxg4+ hxg4+ 69. Kf2 Ke4 70. Re8+ Kd4 71. Rg8 Kc3 72. Rxg4 Kb3 73. Rg8 a4 74. Ra8 a3 75.
Kf3 a2 76. e4 Rb4 77. Rxa2 Kxa2 78. Kf4 Kb3 79. Kf5 Kc4 80. Kf6 Rb6+ 81. Kf5 Kd4 0-1

[Event "*** Titled Tuesday 3|2 Blitz"]
[Site "Chess.com"]
[Date "2016.01.05"]
[Round "7"]
[White "tac49"]
[Black "StellarChessPro"]
[Result "1-0"]
[WhiteElo "2430"]
[BlackElo "2238"]
[TimeControl "180+2"]
[EndTime "18:23:58 PST"]
[Termination "tac49 won by resignation"]

1. e4 c6 2. d4 d5 3. Nd2 dxe4 4. Nxe4 Nf6 5. Nxf6+ exf6 6. c3 Bd6 7. Bd3 O-O 8. Ne2 Re8 9. Qc2 g6 10. Bd2 b5 11. h4 a5 12. h5 f5 13. O-O-O a4 14. hxg6 fxg6 15. Nf4 Qf6 16. g4 fxg4 17. Nxg6 hxg6 18.
Bxg6 Re7 19. Bh7+ Kf7 20. Rh6 Qg7 21. Rxd6 Nd7 22. Bh6 1-0

[Event "*** Titled Tuesday 3|2 Blitz"]
[Site "Chess.com"]
[Date "2016.01.05"]
[Round "7"]
[White "TheMagician"]
[Black "oskariot"]
[Result "0-1"]
[WhiteElo "2149"]
[BlackElo "2322"]
[TimeControl "180+2"]
[EndTime "18:24:03 PST"]
[Termination "oskariot won by resignation"]

1. e4 c5 2. Nf3 d6 3. d4 cxd4 4. Nxd4 Nf6 5. Nc3 Nc6 6. Be3 Ng4 7. Qd2 Nxe3 8. Qxe3 g6 9. h4 Bg7 10. Nde2 Qa5 11. h5 Be6 12. f4 Rc8 13. hxg6 hxg6 14. Rxh8+ Bxh8 15. f5 gxf5 16. Qh6 Kd7 17. Qh5 fxe4 18.
Qxa5 Nxa5 19. Nxe4 Bxb2 20. Rb1 Be5 21. Rb5 b6 22. c3 Bxa2 23. Nd4 Bc4 24. Bxc4 Rxc4 25. Nf3 Rxe4+ 26. Kd2 Rg4 27. Rxe5 Nc4+ 28. Ke1 Nxe5 29.
Nh2 Rxg2 0-1

[Event "*** Titled Tuesday 3|2 Blitz"]
[Site "Chess.com"]
[Date "2016.01.05"]
[Round "7"]
[White "Colombiano07"]
[Black "nfds"]
[Result "0-1"]
[WhiteElo "2166"]
[BlackElo "2333"]
[TimeControl "180+2"]
[EndTime "18:24:35 PST"]
[Termination "nfds won by checkmate"]

1. d4 Nf6 2. Nc3 d5 3. Bg5 Bf5 4. Bxf6 exf6 5. e3 Bb4 6. Bd3 Bg6 7. h4 Qe7 8. h5 Be4 9. f3 Bxd3 10. Qxd3 O-O 11.
O-O-O Bxc3 12. Qxc3 Re8 13. Re1 c5 14. Qxc5 Qxc5 15.
dxc5 Nd7 16. b4 a5 17. a3 axb4 18. axb4 b6 19. cxb6 Nxb6 20. Nh3 Nc4 21. Kb1 Ra3 22. Nf4 Rea8 23. c3 Rb3+ 24. Kc2 Rb2+ 25. Kd3 Rd2# 0-1

[Event "*** Titled Tuesday 3|2 Blitz"]
[Site "Chess.com"]
[Date "2016.01.05"]
[Round "7"]
[White "AdrianaNikolova"]
[Black "calemcc"]
[Result "1-0"]
[WhiteElo "2137"]
[BlackElo "2036"]
[TimeControl "180+2"]
[EndTime "18:24:47 PST"]
[Termination "AdrianaNikolova won by checkmate"]

1. e4 e6 2. d4 d5 3. Nd2 Nc6 4.
Ngf3 Nf6 5. e5 Nd7 6. Bd3 Nb4 7. Be2 c5 8. c3 Nc6 9. O-O Be7 10. Re1 f6 11. exf6 Bxf6 12. dxc5 Nxc5 13. Bb5 O-O 14. Bxc6 bxc6 15. Nd4 Qd6 16. N2f3 Ne4 17. Be3 e5 18. Nb3 Bg4 19. h3 Bh5 20. Qe2 a5 21. Rad1 a4 22. Nc1 Rab8 23. g4 Bf7 24. Nd3 h6 25. Rb1 Rb7 26. Nd2 Bg6 27. Nxe4 Bxe4 28. Bc5 Bxd3 29.
Bxd6 Bxe2 30. Bxf8 Bd3 31. Rbd1 Bc2 32. Rd2 Rxb2 33.
Ree2 Rxa2 34. Rxc2 Ra1+ 35. Kg2 Kxf8 36. Ra2 Rc1 37. Rxa4 Rxc3 38. Ra7 d4 39. Rb2 e4 40. Rb8+ Bd8 41. Rxd8# 1-0

[Event "*** Titled Tuesday 3|2 Blitz"]
[Site "Chess.com"]
[Date "2016.01.05"]
[Round "7"]
[White "UltimateCrusher2"]
[Black "LePatronn"]
[Result "1/2-1/2"]
[WhiteElo "2040"]
[BlackElo "1847"]
[TimeControl "180+2"]
[EndTime "18:24:52 PST"]
[Termination "Game drawn by agreement"]

1. b3 c5 2. Bb2 Nf6 3. Nf3 Nc6 4.
e3 g6 5. Bxf6 exf6 6. Bb5 Qc7 7.
Nc3 a6 8. Nd5 Qd6 9. Nb6 Rb8 10.
Bxc6 Qxc6 11. Nxc8 Rxc8 12. O-O Bg7 13. e4 O-O 14. Re1 Rfe8 15. d3 f5 16. exf5 Bxa1 17.
Qxa1 Rxe1+ 18. Qxe1 Qf6 19. fxg6 hxg6 20. h3 Kg7 21.
Qe4 Qc6 22. Qe5+ Qf6 23. Qd5 Qc6 24. Qe5+ Qf6 25. Qd5 1/2-1/2

[Event "*** Titled Tuesday 3|2 Blitz"]
[Site "Chess.com"]
[Date "2016.01.05"]
[Round "7"]
[White "cool64chess"]
[Black "Recombinant"]
[Result "1-0"]
[WhiteElo "2234"]
[BlackElo "2177"]
[TimeControl "180+2"]
[EndTime "18:25:14 PST"]
[Termination "cool64chess won by resignation"]

1. d4 Nf6 2. c4 e6 3. Nc3 Bb4 4. f3 d5 5. a3 Bxc3+ 6. bxc3 c5 7. cxd5 Nxd5 8. Qd3 b6 9. e4 Ba6 10. c4 Nf6 11. d5 exd5 12. exd5 O-O 13. Kf2 Nbd7 14. Bb2 Re8 15. Be2 Ne5 16. Qc2 Qd6 17. Nh3 Re7 18.
Rhe1 Rae8 19. Kg1 Ng6 20. Rad1 Nf4 21. Nxf4 Qxf4 22. d6 Rd7 23. Qa4 Bb7 24. Bxf6 Qe3+ 25.
Kf1 Bc8 26. Bd3 1-0

[Event "*** Titled Tuesday 3|2 Blitz"]
[Site "Chess.com"]
[Date "2016.01.05"]
[Round "7"]
[White "Fibrinogen"]
[Black "DeviatkinAndrey"]
[Result "0-1"]
[WhiteElo "2215"]
[BlackElo "2478"]
[TimeControl "180+2"]
[EndTime "18:25:46 PST"]
[Termination "DeviatkinAndrey won by resignation"]

1. e4 c6 2. Nf3 d5 3. Nc3 Bg4 4. h3 Bh5 5. d3 e6 6. g4 Bg6 7. Ne5 Nd7 8. Nxg6 hxg6 9. Bd2 Bd6 10. Qe2 Ne7 11. O-O-O Qc7 12. Kb1 Bf4 13. Bg2 d4 14.
Be1 dxc3 15. Bxc3 e5 16. h4 c5 17. h5 g5 18. b3 a5 19. Bb2 a4 20. Qe1 Qa5 21. Bc3 Qa6 22. b4 Nc6 23. bxc5 a3 24. Ka1 Nxc5 25. Rb1 O-O 26. Bf1 Nd4 27. Bxd4 exd4 28. h6 g6 29. Qb4 Qd6 30. Be2 Kh7 31.
Rhd1 Be5 32. Qb5 Na4 33. Qxb7 Rab8 34. Qa7 Nc3 35. Rxb8 Qxb8 36. Qxb8 Rxb8 37. Re1 Rb2 0-1